 Dungeon Crawl Stone Soup version 0.21.1-1-g345015fe64 (webtiles) character file.

8367 Lothor the Basher (level 11, -9/104 HPs)
             Began as a Troll Gladiator on Mar 22, 2018.
             Was an Initiate of Trog.
             Killed from afar by error's ghost (26 damage)
             ... with a bolt of poison
             ... on level 10 of the Dungeon on Mar 24, 2018.
             The game lasted 01:06:39 (10802 turns).

Lothor the Basher (Troll Gladiator)                Turns: 10802, Time: 01:06:40

Health: -9/104     AC: 10    Str: 29    XL:     11   Next: 9%
Magic:  10/10      EV: 13    Int:  4    God:    Trog [......]
Gold:   587        SH:  0    Dex: 18    Spells: 10/10 levels left

rFire    + . .     SeeInvis .   K - +1 war axe "Haduvute" {freeze, rC++ Str+5}
rCold    + + +     Gourm    +   (no shield)
rNeg     . . .     Faith    .   U - +0 troll leather armour
rPois    .         Spirit   .   c - +0 hat
rElec    .         Reflect  .   y - scarf {rC+ rF+}
rCorr    .         Harm     .   (gloves unavailable)
MR       .....                  (boots unavailable)
Stlth    ++........             (no amulet)
HPRegen  1.07/turn              G - +4 ring of dexterity
MPRegen  0.12/turn              r - +2 ring of protection

@: lethally poisoned (-9 -> -10)
A: large, unfitting armour, claws 3, fast metabolism 3, gourmand, regeneration
1, shaggy fur 1, tough skin 2
a: Burn Spellbooks, Renounce Religion


You were on level 10 of the Dungeon.
You worshipped Trog.
Trog was noncommittal.
You were very full.

You visited 2 branches of the dungeon, and saw 11 of its levels.

You collected 587 gold pieces.

Inventory:

Hand Weapons
 E - the +4 short sword "Embalmer" {pierce, MR+ Str+7 Dex+2}
   (You found it on level 5 of the Dungeon)

   It inflicts extra damage upon your enemies.
   It affects your strength (+7).
   It affects your dexterity (+2).
   It affects your resistance to hostile enchantments.
 K - the +1 war axe "Haduvute" (weapon) {freeze, rC++ Str+5}
   (You found it on level 6 of the Dungeon)

   It has been specially enchanted to freeze those struck by it, causing extra
   injury to most foes and up to half again as much damage against particularly
   susceptible opponents.
   It can also slow down cold-blooded creatures.
   It affects your strength (+5).
   It greatly protects you from cold.
 T - a +1 whip of venom
Missiles
 d - 2 throwing nets
 k - 47 bolts
 v - 25 tomahawks
 F - 4 poisoned tomahawks (quivered)
Armour
 c - a +0 hat (worn)
 y - a scarf of resistance (worn)
 U - a +0 troll leather armour (worn)
Jewellery
 q - a +4 ring of dexterity
 r - a +2 ring of protection (right claw)
 G - a +4 ring of dexterity (left claw)
 N - an uncursed ring of flight
 O - an uncursed ring of stealth
Wands
 D - a wand of acid (7)
 L - a wand of flame (38)
 P - a wand of random effects (31)
Scrolls
 e - 2 scrolls of amnesia {unknown}
 g - 4 scrolls of blinking {unknown}
 i - a scroll of random uselessness {unknown}
 j - 6 scrolls of remove curse
 n - 2 scrolls of magic mapping {unknown}
 u - 5 scrolls of immolation
 w - 2 scrolls of teleportation
 A - a scroll of fog {unknown}
 B - 2 scrolls of fear {unknown}
 I - a scroll of noise {unknown}
 J - 2 scrolls of enchant armour {unknown}
 Y - a scroll of identify
Potions
 b - a potion of mutation {unknown}
 h - a potion of degeneration {unknown}
 l - 5 potions of curing
 m - 4 potions of brilliance {unknown}
 o - a potion of heal wounds {unknown}
 s - 2 potions of invisibility
 t - 2 potions of flight {unknown}
 x - a potion of ambrosia {unknown}
 z - a potion of might {unknown}
 C - a potion of haste
 H - 2 potions of agility
Books
 Q - a book of Conjurations

   Spells                             Type                      Level
   a - Magic Dart                     Conjuration                  1
   b - Searing Ray                    Conjuration                  2
   c - Dazzling Spray                 Conjuration/Hexes            3
   d - Fulminant Prism                Conjuration/Hexes            4
   e - Force Lance                    Conjuration/Translocation    4
   f - Iskenderun's Mystic Blast      Conjuration                  4
   Trog disapproves of the use of such an item.
 S - a book of Misfortune

   Spells                             Type                      Level
   a - Confusing Touch                Hexes                        1
   b - Confuse                        Hexes                        3
   c - Gell's Gravitas                Translocation                3
   d - Petrify                        Transmutation/Earth          4
   e - Metabolic Englaciation         Hexes/Ice                    5
   f - Yara's Violent Unravelling     Hexes/Transmutation          5
   Trog disapproves of the use of such an item.
 V - a book of Callings

   Spells                             Type                      Level
   a - Summon Small Mammal            Summoning                    1
   b - Call Imp                       Summoning                    2
   c - Call Canine Familiar           Summoning                    3
   d - Summon Guardian Golem          Hexes/Summoning              3
   e - Summon Lightning Spire         Summoning/Air                4
   f - Summon Ice Beast               Ice/Summoning                4
   Trog disapproves of the use of such an item.
 W - a book of Beasts

   Spells                             Type                      Level
   a - Summon Butterflies             Summoning                    1
   b - Call Canine Familiar           Summoning                    3
   c - Summon Ice Beast               Ice/Summoning                4
   d - Summon Mana Viper              Hexes/Summoning              5
   e - Summon Hydra                   Summoning                    7
   Trog disapproves of the use of such an item.
Comestibles
 f - 21 rations


   Skills:
 - Level 5.2 Fighting
 * Level 6.8(9.0) Axes
 - Level 9.8(10.8) Maces & Flails
 - Level 1.7 Throwing
 - Level 5.5 Armour
 - Level 5.8 Dodging
 - Level 1.0 Stealth


You had 10 spell levels left.
You didn't know any spells.

Dungeon Overview and Level Annotations

Branches:
Dungeon (10/15)            Temple (1/1) D:6
   Lair: D:8-11         Orc: D:9-12

Altars:
Ashenzari
Cheibriados
Dithmenos
Elyvilon
Fedhas
Gozag
Hepliaklqana
Kikubaaqudgha
Makhleb
Nemelex Xobeh
Okawaru
Qazlal
Ru
Sif Muna
Trog
Uskayaw
Vehumet
Wu Jian
Xom
Yredelemnul
Zin
The Shining One

Shops:
D:9 [

Annotations:
D:10 error's ghost, journeyman OpVM


Innate Abilities, Weirdness & Mutations

You are too large for most types of armour.
You have claws for hands.
Your metabolism is lightning-fast.
You like to eat raw meat.
Your natural rate of healing is unusually fast.
You are covered in fur. (AC +1)
You have very tough skin. (AC +2)


Message History

Error's ghost hits you but does no damage.
You are electrocuted!
You closely miss error's ghost.
Error's ghost is heavily damaged.
You feel sick.
Error's ghost stares at you and mumbles some strange words.
The bolt of poison hits you!
You are more poisoned.
You barely miss error's ghost.
Error's ghost is heavily damaged.
You feel sick. Error's ghost casts a spell at you. The bolt of poison hits you!
You are more poisoned.
* * * LOW HITPOINT WARNING * * *
It was a potion of curing.
You feel better.
Error's ghost stares at you and mumbles some strange words.
The bolt of poison hits you!
You are poisoned.
You die...

##...)### #.........#
.....)..####.(.....###
.######........(..##
## #####....#..#
##^.##(.#
############..##..#
........##)...##..#
..............##W.#
###..###########@.#
#### #....# ##....#
#...### ##########..##
#...........#
#...#####...# .# #..##
#...# .. ##.# ##..# #.


You could see error's ghost.

Vanquished Creatures
  A two-headed ogre (D:10)
  Urug (D:10)
  A troll (D:8)
  Grinder (D:3)
  Prince Ribbit (D:6)
  A hippogriff (D:8)
  A meliai zombie (D:10)
  Sigmund (D:2)
  A wyvern (D:7)
  3 hogs (D:7)
  A yak (D:7)
  A human (D:7)
  Menkaure (D:6)
  A hungry ghost (D:8)
  A water moccasin (D:10)
  5 orc warriors
  3 ice beasts
  2 black bears
  5 ogres
  6 centaurs
  The ghost of squipdi the Skirmisher, an amateur GrMo of the Shining One (D:4)
  Blork the orc (D:6)
  A big kobold (D:10)
  9 bullfrogs
  A gnoll sergeant (D:6)
  A wyvern zombie (D:9)
  4 scorpions
  3 killer bees (D:7)
  3 wights (D:6)
  4 crimson imps
  A bullfrog zombie (D:6)
  2 jellies
  6 orc priests
  6 hounds
  11 orc wizards
  2 bullfrog skeletons
  Jessica (D:2)
  A centaur skeleton (D:4)
  3 iguanas
  Terence (D:2)
  9 worker ants
  Robin (D:2)
  2 worker ant zombies
  8 adders
  5 gnolls (D:6)
  3 shadow imps
  An ooze (D:3)
  3 adder skeletons
  A worm (D:2)
  3 dart slugs
  7 leopard geckos
  51 orcs
  5 giant cockroaches
  21 goblins
  7 hobgoblins
  13 jackals
  9 kobolds
  2 quokkas
  A ball python (D:2)
  2 bats
  6 frilled lizards
  A leopard gecko skeleton (D:4)
  9 rats
270 creatures vanquished.

Notes
Turn   | Place    | Note
-------+----------+-------------------------------------------
     0 | D:1      | Lothor the Troll Gladiator began the quest for the Orb.
     0 | D:1      | Reached XP level 1. HP: 19/19 MP: 0/0
   115 | D:1      | Reached XP level 2. HP: 26/27 MP: 1/1
   188 | D:1      | Reached skill level 3 in Maces & Flails
   273 | D:1      | Reached XP level 3. HP: 31/35 MP: 2/2
   376 | D:1      | Reached skill level 1 in Armour
   781 | D:2      | Noticed Terence
   792 | D:2      | Killed Terence
   792 | D:2      | Reached XP level 4. HP: 34/42 MP: 3/3
   795 | D:2      | Noticed Sigmund
   819 | D:2      | Killed Sigmund
   819 | D:2      | Reached skill level 4 in Maces & Flails
   819 | D:2      | Reached XP level 5. HP: 29/49 MP: 4/4
   838 | D:2      | Noticed Robin
   865 | D:2      | Killed Robin
   923 | D:2      | Reached XP level 6. HP: 41/57 MP: 5/5
   958 | D:2      | Noticed Jessica
   965 | D:2      | Killed Jessica
  1359 | D:3      | Found a shimmering altar of Xom.
  1422 | D:3      | Noticed an orc warrior
  1627 | D:2      | HP: 1/59 [orc warrior/hand axe (15)]
  1724 | D:2      | Killed an orc warrior
  1724 | D:2      | Reached skill level 5 in Maces & Flails
  1925 | D:3      | Reached XP level 7. HP: 61/66 MP: 6/6
  1989 | D:3      | Found a faded altar of an unknown god.
  2120 | D:3      | Noticed Grinder
  2123 | D:3      | Paralysed by Grinder for 5 turns
  2133 | D:3      | Paralysed by Grinder for 6 turns
  2140 | D:3      | Killed Grinder
  2984 | D:3      | Reached skill level 6 in Maces & Flails
  3198 | D:4      | Found an iron altar of Okawaru.
  3198 | D:4      | Found a shattered altar of Ashenzari.
  3198 | D:4      | Found an ancient bone altar of Kikubaaqudgha.
  3198 | D:4      | Found a sparkling altar of Nemelex Xobeh.
  3226 | D:4      | Found a bloodstained altar of Trog.
  3229 | D:4      | Found a deep blue altar of Sif Muna.
  3487 | D:4      | Reached XP level 8. HP: 69/75 MP: 7/7
  3491 | D:4      | Noticed squipdi's ghost (amateur GrMo)
  3544 | D:4      | Killed squipdi's ghost
  4001 | D:5      | Entered Level 5 of the Dungeon
  4103 | D:5      | Reached skill level 1 in Stealth
  4239 | D:5      | Got a bone short sword
  4262 | D:5      | Reached skill level 7 in Maces & Flails
  4821 | D:6      | Reached XP level 9. HP: 82/84 MP: 8/8
  5087 | D:6      | Reached skill level 8 in Maces & Flails
  5118 | D:6      | Found a staircase to the Ecumenical Temple.
  5127 | Temple   | Entered the Ecumenical Temple
  5616 | D:6      | Reached skill level 5 in Dodging
  5763 | D:6      | Noticed Blork the orc
  5781 | D:6      | Killed Blork the orc
  5803 | D:6      | Got a crude war axe
  5952 | D:6      | Noticed Menkaure
  5966 | D:6      | Killed Menkaure
  5990 | D:6      | Noticed Prince Ribbit
  6024 | D:6      | Killed Prince Ribbit
  6354 | D:6      | Reached skill level 9 in Maces & Flails
  6505 | D:6      | Found a glowing golden altar of the Shining One.
  6559 | D:7      | Reached skill level 5 in Armour
  7025 | D:7      | Reached XP level 10. HP: 48/94 MP: 9/9
  7294 | D:7      | Reached skill level 5 in Fighting
  8032 | D:8      | Found a stormy altar of Qazlal.
  8202 | D:8      | Identified the +1 war axe "Haduvute" {freeze, rC++ Str+5} (You found it on level 6 of the Dungeon)
  8270 | D:8      | Reached skill level 1 in Axes
  9216 | D:9      | Found a snail-covered altar of Cheibriados.
  9490 | D:9      | Found Zoaz's Antique Armour Shoppe.
  9715 | D:9      | Reached skill level 5 in Axes
  9765 | D:10     | Entered Level 10 of the Dungeon
  9766 | D:10     | Noticed error's ghost (journeyman OpVM)
  9890 | D:10     | Noticed Urug
 10231 | D:4      | Became a worshipper of Trog the Wrathful
 10470 | D:10     | Identified the +4 short sword "Embalmer" {pierce, MR+ Str+7 Dex+2} (You found it on level 5 of the Dungeon)
 10482 | D:10     | Noticed a two-headed ogre
 10496 | D:10     | Killed a two-headed ogre
 10658 | D:10     | Killed Urug
 10658 | D:10     | Reached XP level 11. HP: 46/104 MP: 10/10
 10802 | D:10     | Killed from afar by error's ghost

Skill      XL: |  1  2  3  4  5  6  7  8  9 10 |
---------------+-------------------------------+-----
Maces & Flails | 3 4 5 6 7 9 |  9.8
Armour         | 1 2 3 4 5 |  5.5
Fighting       | 2 3 4 5 |  5.2
Dodging        | 3 4 5 |  5.8
Stealth        | 1 |  1.0
Axes           | 6 |  6.8
Throwing       | |  1.7

Action                   |  1- 3 |  4- 6 |  7- 9 | 10-12 || total
-------------------------+-------+-------+-------+-------++-------
Melee: Flail             |    90 |   153 |   618 |    92 ||   953
       War axe           |       |       |       |   214 ||   214
Throw: Tomahawk          |       |     6 |    23 |    27 ||    56
       Throwing net      |       |     3 |       |     2 ||     5
Evoke: Wand              |       |       |       |     8 ||     8
  Use: Scroll            |       |     3 |     6 |     7 ||    16
       Potion            |       |       |       |     1 ||     1
 Stab: Sleeping          |       |     3 |     4 |     2 ||     9
       Distracted        |       |       |     1 |       ||     1
  Eat: Chunk             |    13 |     8 |    50 |    44 ||   115
Armor: Robe              |    27 |    53 |   209 |    44 ||   333
       Troll leather arm |       |       |       |    54 ||    54
Dodge: Dodged            |    49 |   114 |   402 |   206 ||   771
